Map: 이페머론 - 래더

Players

IlIllIllIllI

  • Race: Protoss Protoss
  • League: Grandmaster
  • Spawn Location: 5:00

True - Winner!

  • Race: Zerg Zerg
  • League: Master
  • Spawn Location: 11:00

VOD

Have the link to the VOD?

Description

Time

  • Played on: Oct. 8, 2019, 6:23 a.m.
  • Length: 6:24
Show
View Real Time Build Order
Export as new Build Order

IlIllIllIllI Protoss 

Build Orders: 1 Gate Expand, Zealot Archon, Archon Drop, Dark Templar Rush 

Get SALT Encoding   

  12  0:01  Probe  
  13  0:13  Probe  
  14  0:22  Pylon  
  14  0:25  Probe  
  15  0:41  Probe (Chrono Boost)  
  16  0:44  Gateway  
  16  0:49  Probe (Chrono Boost)  
  17  0:50  Assimilator  
  17  0:55  Probe  
  18  1:07  Probe  
  19  1:19  Probe  
  20  1:28  Nexus  
  20  1:35  Cybernetics Core  
  20  1:38  Probe  
  21  1:46  Assimilator  
  21  1:50  Probe  
  22  1:59  Pylon  
  22  2:03  Probe  
  23  2:14  Adept (Chrono Boost)  
  23  2:17  Probe  
  23  2:22  Twilight Council  
  26  2:25  Warp Gate (Chrono Boost)  
  27  2:30  Probe (Chrono Boost)  
  27  2:37  Adept  
  27  2:40  Probe (Chrono Boost)  
  31  2:47  Probe (Chrono Boost)  
  31  2:49  Probe (Chrono Boost)  
  32  2:51  Robotics Facility  
  32  2:54  Probe x2 (Chrono Boost)  
  34  3:07  Probe x2 (Chrono Boost)  
  34  3:10  Dark Shrine  
  37  3:21  Gateway  
  37  3:22  Probe (Chrono Boost)  
  37  3:24  Probe (Chrono Boost)  
  38  3:28  Probe (Chrono Boost)  
  38  3:33  Gateway  
  39  3:36  Warp Prism (Chrono Boost)  
  39  3:38  Probe  
  42  3:44  Pylon  
  42  3:47  Assimilator  
  42  3:49  Assimilator  
  42  3:50  Probe  
  42  3:52  Probe  
  44  4:03  Probe  
  44  4:04  Pylon, Probe  
  46  4:12  Adept  
  46  4:15  Probe  
  49  4:18  Probe  
  50  4:25  Observer  
  50  4:27  Probe  
  50  4:30  Probe  
  53  4:33  Pylon  
  53  4:35  Dark Templar x3  
  59  4:39  Probe  
  60  4:46  Pylon  
  60  4:49  Forge  
  60  4:50  Immortal (Chrono Boost)  
  56  5:07  Adept  
  56  5:08  Adept  
  58  5:15  Pylon  
  58  5:16  Pylon  
  56  5:23  Pylon, Archon  
  50  5:29  Pylon  
  50  5:32  Dark Templar x2  
  54  5:39  Archon  
  51  6:00  Dark Templar  
  49  6:08  Dark Templar  
  49  6:09  Zealot  
  41  6:18  Pylon  
Show
View Real Time Build Order
Export as new Build Order

True Zerg - Winner!

Build Orders: Hatch First 

Get SALT Encoding   

  12  0:01  Drone  
  13  0:12  Overlord  
  13  0:16  Drone  
  14  0:30  Drone x2  
  16  0:48  Hatchery  
  15  0:52  Drone  
  15  0:55  Drone  
  17  1:09  Spawning Pool  
  16  1:11  Drone  
  16  1:16  Drone  
  16  1:18  Extractor  
  17  1:21  Drone  
  18  1:32  Drone  
  19  1:48  Hatchery  
  18  1:54  Drone x2  
  18  2:00  Drone  
  21  2:01  Drone  
  22  2:11  Queen  
  24  2:20  Queen  
  26  2:26  Overlord  
  26  2:36  Zergling x4  
  28  2:44  Drone x2  
  28  2:45  Drone  
  28  2:47  Drone  
  32  2:54  Drone  
  33  2:59  Lair  
  33  3:00  Queen  
  35  3:06  Overlord  
  35  3:12  Metabolic Boost, Extractor  
  34  3:18  Drone x3  
  37  3:20  Drone  
  37  3:23  Drone  
  37  3:26  Drone  
  40  3:28  Drone  
  40  3:31  Drone  
  42  3:37  Queen  
  44  3:42  Zergling x4  
  44  3:44  Zergling x2  
  44  3:48  Drone x2  
  49  3:57  Nydus Network  
  49  4:01  Zergling x4  
  50  4:03  Zergling x2, Baneling Nest  
  50  4:06  Overlord  
  50  4:09  Overlord  
  50  4:21  Overlord  
  50  4:24  Queen  
  50  4:25  Zergling x4  
  50  4:27  Zergling x4  
  50  4:29  Zergling x2  
  57  4:33  Nydus Canal  
  57  4:35  Zergling x4  
  57  4:36  Zergling x2  
  57  4:38  Zergling x2  
  61  4:42  Zergling x4  
  61  4:44  Zergling x2  
  61  4:45  Zergling x2  
  63  4:52  Overseer  
  63  4:54  Overseer  
  63  4:57  Zergling x4  
  63  4:58  Zergling x2  
  66  5:04  Zergling x4  
  67  5:07  Zergling x2  
  67  5:08  Zergling x2  
  67  5:11  Zergling x2  
  66  5:19  Zergling x4  
  66  5:21  Zergling x2  
  68  5:24  Zergling x2  
  67  5:28  Zergling x2  
  67  5:29  Zergling x2  
  67  5:32  Zergling x4  
  67  5:35  Zergling x2  
  71  5:40  Baneling  
  71  5:41  Baneling x6  
  69  5:42  Zergling x2  
  68  5:51  Zergling x2  
  68  5:54  Zergling x2  
  64  6:02  Zergling x6  
  64  6:05  Zergling x2  
  64  6:06  Zergling x2  
Tags
 
Add a new tag
Caveats
  • Supply blocks, unpowered buildings, or Contaminate may cause inaccurate times.
  • Supply counts are checked every 10 seconds.